 Dungeon Crawl Stone Soup version 0.14-a0-504-gf2529f3 (webtiles) character file.

211 Ragg the Ruinous (level 4, -4/24 HPs)
             Began as a Deep Elf Conjurer on Nov 1, 2013.
             Killed from afar by an orc wizard (7 damage)
             ... with a magic dart
             ... on Level 2 of the Dungeon.
             The game lasted 00:09:37 (2920 turns).

Ragg the Ruinous (Deep Elf Conjurer)                Turns: 2920, Time: 00:09:38

HP  -4/24        AC  6     Str  6      XL: 4   Next: 66%
MP   6/11        EV 10     Int 20      God:
Gold 97          SH  0     Dex 15      Spells:  2 memorised,  1 level left

Res.Fire  : . . .   See Invis. : .   a - +2,+0 elf dagger
Res.Cold  : . . .   Warding    : .   m - +0 leather armour (curse)
Life Prot.: . . .   Conserve   : .   (no shield)
Res.Poison: .       Res.Corr.  : .   l - +2 helmet
Res.Elec. : .       Clarity    : .   (no cloak)
Sust.Abil.: . .     Spirit.Shd : .   (no gloves)
Res.Mut.  : .       Stasis     : .   (no boots)
Res.Rott. : .       Flight     : .   (no amulet)
Saprovore : . . .                    (no ring)
                                     (no ring)

@: slowed, very slow, slightly resistant to hostile enchantments, fairly
stealthy
A: no striking features
a: no special abilities


You were on level 2 of the Dungeon.
You were not hungry.

You visited 1 branch of the dungeon, and saw 3 of its levels.

You collected 97 gold pieces.

Inventory:

Hand weapons
 a - a +2,+0 elven dagger (weapon)
Armour
 l - a +2 helmet (worn)
 m - a cursed +0 leather armour (worn)
Magical devices
 f - a wand of fire (5) {unknown}
Comestibles
 b - 2 bread rations
Scrolls
 e - 5 scrolls of identify
 n - a scroll of recharging {unknown}
 p - 2 scrolls of teleportation
Potions
 d - a potion of curing
 g - a potion of confusion {unknown}
 h - a potion of invisibility {unknown}
 i - a potion of beneficial mutation {unknown}
 j - a potion of brilliance {unknown}
 k - 2 potions of mutation {unknown}
 q - a potion of degeneration {unknown}
 r - a potion of restore abilities {unknown}
 s - 2 potions of heal wounds {unknown}
Books
 c - a book of Conjurations

   Spells                             Type                      Level
   *Magic Dart                        Conjuration                  1
   Searing Ray                        Conjuration                  2
   Dazzling Spray                     Conjuration/Hexes            3
   Iskenderun's Mystic Blast          Conjuration                  4
   *Iskenderun's Battlesphere         Conjuration/Charms           4
   Fulminant Prism                    Conjuration/Hexes            5


   Skills:
 - Level 2.4 Dodging
 - Level 2.4 Stealth
 * Level 1.6 Spellcasting
 - Level 6.1 Conjurations
 - Level 3.1 Charms


You had one spell level left.
You knew the following spells:

 Your Spells              Type           Power        Failure   Level  Hunger
a - Magic Dart            Conj           ####         1%          1    #......
b - Iskenderun's Battles  Conj/Chrm      ###.....     24%         4    #####..


Dungeon Overview and Level Annotations

Branches:
Dungeon (3/27)

Altars:


Message History

* * * LOW HITPOINT WARNING * * *
Casting: Magic Dart
Confirm with . or Enter, or press ? or * to list all spells.
Aiming: Magic Dart
Press: ? - help, Shift-Dir - straight line, f/p - orc wizard
Aim: an orc wizard, wielding an orcish dagger and wearing an orcish leather armour (heavily wounded, moving very quickly)
The magic dart hits the orc wizard.
The orc wizard is heavily wounded.
The orc wizard gestures wildly while chanting.
The orc wizard blinks!
Casting: Magic Dart
Confirm with . or Enter, or press ? or * to list all spells.
Aiming: Magic Dart
Press: ? - help, Shift-Dir - straight line, f/p - orc wizard
Aim: an orc wizard, wielding an orcish dagger and wearing an orcish leather armour (heavily wounded, moving very quickly)
The magic dart hits the orc wizard.
The orc wizard is severely wounded.
The orc wizard casts a spell at you. The magic dart hits you!
You die...

#..........
###########.......##.
#.................##.
#.................##.
#..........##.######.
#..........##.# ##
#..........##.#######
#....................
#.o.@..ยง...##.#######
#....................
#..........##.#######
#############.# # #.#
# #.# # #.# # #.# #
####.#######


You could see an orc wizard.

Vanquished Creatures
  7 adders
  2 giant geckos
  2 oozes
  3 orcs (D:3)
  3 bats
  3 giant cockroaches
  5 hobgoblins
  3 ball pythons
  2 giant newts
  4 goblins
  8 kobolds
  9 rats
51 creatures vanquished.

Notes
Turn   | Place    | Note
--------------------------------------------------------------
     0 | D:1      | Ragg, the Deep Elf Conjurer, began the quest for the Orb.
     0 | D:1      | Reached XP level 1. HP: 10/10 MP: 4/4
     2 | D:1      | Noticed a shark
   480 | D:1      | Reached XP level 2. HP: 13/15 MP: 4/6
   630 | D:1      | Reached skill level 5 in Conjurations
  1510 | D:2      | Reached XP level 3. HP: 19/19 MP: 6/9
  2128 | D:3      | Reached skill level 6 in Conjurations
  2225 | D:3      | Reached XP level 4. HP: 24/24 MP: 4/11
  2231 | D:3      | Learned a level 4 spell: Iskenderun's Battlesphere
  2286 | D:3      | Reached skill level 1 in Charms
  2920 | D:2      | Killed from afar by an orc wizard

Action                   |  1- 3 |  4- 6 || total
-------------------------+-------+-------++-------
Melee: Unarmed           |    10 |       ||    10
       Dagger            |     4 |       ||     4
 Cast: Magic Dart        |    81 |    30 ||   111
  Use: Scroll            |     1 |     3 ||     4
